 Dungeon Crawl Stone Soup version 0.28.0-49-g6dfe1f597d (webtiles) character file.

Game seed: 3151221531457788686

58 Exodus22XD the Poker (level 3, -6/27 HPs)
             Began as a Demonspawn Gladiator on May 15, 2022.
             Mangled by Sigmund
             ... wielding a +0 scythe
              (8 damage)
             ... on level 2 of the Dungeon.
             The game lasted 00:01:34 (1483 turns).

Exodus22XD the Poker (Demonspawn Gladiator)         Turns: 1483, Time: 00:01:35

Health: -6/27      AC:  6    Str: 16    XL:     3   Next: 76%
Magic:  3/3        EV:  9    Int:  9    God:
Gold:   39         SH:  4    Dex: 14    Spells: 2/2 levels left

rFire   . . .      SeeInvis .   a - +0 trident
rCold   . . .      Faith    .   (no shield)
rNeg    . . .      Spirit   .   b - +0 leather armour
rPois   .          Reflect  .   c - +0 helmet
rElec   .          Harm     .   (no cloak)
rCorr   .          Rampage  .   f - +1 pair of gloves
Will    .....                   (no boots)
Stlth   +.........              (no amulet)
HPRegen 0.09/turn               (no ring)
MPRegen 0.08/turn               (no ring)

@: constricted
A: condensation shield, weakness stinger 1
a: no special abilities


You were on level 2 of the Dungeon.
You visited 1 branch of the dungeon, and saw 2 of its levels.

You collected 39 gold pieces.

Inventory:

Hand Weapons
 a - a +0 trident (weapon)
Missiles
 d - 3 throwing nets (quivered)
Armour
 b - a +0 leather armour (worn)
 c - a +0 helmet (worn)
 f - a +1 pair of gloves (worn)


   Skills:
 + Level 2.1 Fighting
 + Level 3.6 Polearms
 + Level 1.8 Throwing
 + Level 0.8 Armour
 + Level 3.0 Dodging
 + Level 0.4 Stealth
 + Level 0.6 Shields


You had 2 spell levels left.
You didn't know any spells.
Your spell library was empty.

Dungeon Overview and Level Annotations

Branches:
Dungeon (2/15)

Altars:

Annotations:
D:2 Sigmund


Innate Abilities, Weirdness & Mutations

A meltable shield of frost defends you. (SH +4)
You have a small tail.


Message History

That would be overly suicidal.
Okay, then.
Unknown command.
Reach: a) +0 trident
Press: ? - help, Dir - move target You reach to attack!
You miss something.
You aren't carrying any potions.
As you read the scroll labelled BEFAIJO TIJAST, it crumbles to dust.
It is a scroll of enchant armour.
Your +0 pair of gloves glows green for a moment.
Something barely misses you.
As you read the scroll labelled MINEABB ZUUZ, it crumbles to dust.
The scroll dissolves into smoke.
It was a scroll of fog.
Something hits you.
* * * LOW HITPOINT WARNING * * *
A ball python comes into view.
The ball python moves out of view.
A magic dart appears from out of thin air!
The magic dart hits you.
* * * LOW HITPOINT WARNING * * *
The ball python hisses angrily.
The kobold throws a stone.
The stone completely misses you.
You are confused.
You bump into the rock wall.
You bump into the rock wall.
You feel less confused. The ball python barely misses you.
The ball python grabs you. The ball python constricts you.
* * * LOW HITPOINT WARNING * * *
You escape the ball python's grasp.
The ball python closely misses you. You block the ball python's attack.
There is a stone staircase leading down here.
The ball python bites you but does no damage.
The ball python grabs you.
You stop descending the stairs.
The ball python constricts you.
The ball python's grasp on you weakens, but your attempt to escape fails.
The ball python bites you but does no damage.
The ball python constricts you.
* * * LOW HITPOINT WARNING * * *
Something hits you!
You die...

...............
..#####.##.#### .#
#........# .#
.....##.##..# .#
..## #.##..# .#
.##.##.##..###..#
... ...#.......#
.##.###.##.####.#
...S..........@.#
.###....##.###S.#
#.##.##.# #..#
######.##.##.###K.#
§§§§§§.....K......#
######.##.##.###..#
#.##.##.###..#
#####.##†........#
#........##.####.#


You could see a ball python and a kobold.

Vanquished Creatures
  2 dart slugs (D:1)
  4 ball pythons (D:1)
  6 endoplasms
  2 giant cockroaches (D:1)
  3 goblins (D:1)
  6 hobgoblins
  9 jackals (D:1)
  A quokka (D:1)
  6 bats (D:1)
  A frilled lizard (D:1)
  3 kobolds (D:1)
  A rat (D:1)
44 creatures vanquished.

Notes
Turn   | Place    | Note
-------+----------+-------------------------------------------
     0 | D:1      | Exodus22XD the Demonspawn Gladiator began the quest for the
                  | Orb.
     0 | D:1      | Reached XP level 1. HP: 16/16 MP: 1/1
   330 | D:1      | Gained mutation: A meltable shield of frost defends you.
                  | (SH +4) [demonic ancestry]
   330 | D:1      | Reached XP level 2. HP: 22/22 MP: 2/2
   754 | D:1      | Gained mutation: You have a small tail. [demonic ancestry]
   754 | D:1      | Reached XP level 3. HP: 26/27 MP: 3/3
  1443 | D:2      | Noticed Sigmund
  1483 | D:2      | Mangled by Sigmund

Illustrated notes

Levels and vault maps discovered:
D:1:      dpeg_arrival_rooms_b, layout_loops_ring
D:2:      layout_basic, basic_altar, guppyfry_early_lair_pool, uniq_robin,
          uniq_terence, uniq_sigmund

Skill      XL: |  1  2 |
---------------+-------+-----
Polearms       | 3 |  3.6
Dodging        | 3 |  3.0
Fighting       | |  2.1
Throwing       | |  1.8
Armour         | |  0.8
Stealth        | |  0.4
Shields        | |  0.6

Action                   || total
-------------------------++-------
Melee: Trident           ||   130
       Tailslap          ||     7
       Punch             ||     1
  Use: Scroll            ||     2
 Stab: Distracted        ||     1
Armor: Leather armour    ||    49
Dodge: Dodged            ||    92
Block: Other             ||    25
